 Dungeon Crawl Stone Soup version 0.19.1 (webtiles) character file.

38125 Idleism the Severer (level 13, -2/118 HPs)
             Began as a Deep Dwarf Fighter on Dec 6, 2016.
             Was the Champion of Makhleb.
             Slain by a reaper
             ... wielding a +1 scythe of freezing
              (3 damage)
             ... in an ice cave.
             The game lasted 01:02:45 (14303 turns).

Idleism the Severer (Deep Dwarf Fighter)           Turns: 14303, Time: 01:02:46

Health: -2/118     AC: 18    Str: 24    XL:     13   Next: 62%
Magic:  9/9        EV: 10    Int: 10    God:    Makhleb [******]
Gold:   1324       SH:  4    Dex: 12    Spells: 0 memorised, 12 levels left

rFire  + . .     SeeInvis .     s - +0 executioner's axe (venom)
rCold  + . .     Gourm    .     m - +1 scale mail {rF+}
rNeg   . . .     Faith    .     (shield currently unavailable)
rPois  .         Spirit   .     N - +1 hat
rElec  .         Reflect  +     Y - +1 cloak
rCorr  .         Harm     .     C - +2 pair of gloves
MR     +....                    r - +0 pair of boots
Stlth  ..........               Q - +4 amulet of reflection
                                R - +6 ring of slaying
                                H - ring of protection from cold

@: non-regenerating
A: damage resistance, recharge devices, sense surroundings 2, slow regeneration
3
a: Device Recharging, Minor Destruction, Lesser Servant of Makhleb, Major
Destruction, Greater Servant of Makhleb, Renounce Religion


You were in an ice cave.
You worshipped Makhleb.
Makhleb was exalted by your worship.
You were near starving.

You visited 3 branches of the dungeon, and saw 20 of its levels.
You also visited: Ice Cave.

You collected 1359 gold pieces.
You spent 35 gold pieces at shops.

Inventory:

Hand Weapons
 a - a +1 war axe
 b - a +1 mace of draining
 s - a +0 executioner's axe of venom (weapon)
Missiles
 d - 51 tomahawks (quivered)
Armour
 k - a +0 helmet
 m - a +1 scale mail of fire resistance (worn)
 r - a +0 pair of boots (worn)
 y - a +0 large shield
 C - a +2 pair of gloves (worn)
 F - a +0 plate armour
 N - a +1 hat (worn)
 Y - a +1 cloak (worn)
Jewellery
 u - the ring "Muvuefe" {rN+ MR+}
   (You found it on level 11 of the Dungeon)

   [ring of protection from magic]

   It protects you from negative energy.
   It affects your resistance to hostile enchantments.
 A - an uncursed ring of flight
 H - a ring of protection from cold (left hand)
 I - an uncursed ring of see invisible
 P - an uncursed ring of positive energy
 Q - a +4 amulet of reflection (around neck)
 R - a +6 ring of slaying (right hand)
 X - an uncursed ring of protection from fire
Wands
 e - a wand of heal wounds (2/9)
 h - a wand of confusion (33/48)
 J - a wand of lightning (2/15)
Scrolls
 c - 9 scrolls of remove curse
 g - a scroll of random uselessness {unknown}
 i - 10 scrolls of identify
 p - 3 scrolls of enchant weapon
 q - 4 scrolls of blinking
 w - 2 scrolls of fog
 x - 6 scrolls of teleportation
 z - 4 scrolls of enchant armour
 E - a scroll of immolation {unknown}
 S - 2 scrolls of fear
 Z - a scroll of magic mapping {unknown}
Potions
 n - 8 potions of curing
 o - 3 potions of brilliance
 U - a potion of flight
Books
 j - a book of Misfortune

   Spells                             Type                      Level
   a - Confusing Touch                Hexes                        1
   b - Confuse                        Hexes                        3
   c - Gell's Gravitas                Hexes/Translocation          3
   d - Petrify                        Transmutation/Earth          4
   e - Metabolic Englaciation         Hexes/Ice                    5
   f - Yara's Violent Unravelling     Hexes/Transmutation          5
 V - a book of the Earth

   Spells                             Type                      Level
   a - Leda's Liquefaction            Hexes/Earth                  4
   b - Bolt of Magma                  Conjuration/Fire/Earth       5
   c - Statue Form                    Transmutation/Earth          6
   d - Iron Shot                      Conjuration/Earth            6
   e - Shatter                        Earth                        9
 W - a book of Geomancy

   Spells                             Type                      Level
   a - Sandblast                      Earth                        1
   b - Passwall                       Transmutation/Earth          2
   c - Stone Arrow                    Conjuration/Earth            3
   d - Petrify                        Transmutation/Earth          4
   e - Lee's Rapid Deconstruction     Earth                        5
Miscellaneous
 M - a phial of floods
Comestibles
 f - 15 bread rations
 l - 9 slices of pizza
 t - 4 fruits
 v - 5 beef jerkies
 D - 2 royal jellies


   Skills:
 - Level 8.4 Fighting
 + Level 19.1 Axes
 + Level 9.9 Armour
 - Level 8.0 Shields
 - Level 5.1 Invocations
 - Level 6.1 Evocations


You had 12 spell levels left.
You didn't know any spells.

Dungeon Overview and Level Annotations

Branches:
Dungeon (15/15)            Temple (1/1) D:5            Lair (4/6) D:9
 Shoals (0/4) Lair:3          Orc (0/2) D:10         Depths (0/5) D:15
  Snake: Lair:2-4    Spider: Lair:2-4    Vaults: D:13-14

Altars:
Ashenzari
Cheibriados
Dithmenos
Elyvilon
Fedhas
Gozag
Hepliaklqana
Kikubaaqudgha
Makhleb
Nemelex Xobeh
Okawaru
Qazlal
Ru
Sif Muna
Trog
Uskayaw
Vehumet
Xom
Yredelemnul
Zin
The Shining One

Shops:
D:4 !   D:7 =%   D:9 =


Innate Abilities, Weirdness & Mutations

You are resistant to damage.
You can recharge devices by infusing magical energy.
You passively map the area around you.
You do not regenerate.


Message History

You barely miss the reaper.
The reaper is almost dead.
The reaper hits you with a scythe of freezing!!
* * * LOW HITPOINT WARNING * * *
The reaper freezes you.
You closely miss the reaper.
The reaper is almost dead.
You closely miss the reaper.
The reaper is almost dead.
The reaper hits you with a scythe of freezing!
* * * LOW HITPOINT WARNING * * *
The reaper freezes you.
Evoke which item? (* to show all) (? for menu, Esc to quit)
Zapping:
e - a wand of heal wounds (3/9)
Press: ? - help, Shift-Dir - straight line, f - you You feel much better.
This wand has 2 charges left.
The reaper hits you with a scythe of freezing!!
* * * LOW HITPOINT WARNING * * *
The reaper freezes you.
You die...

* *, ,** * ≈ ##... * ....#...
##.. , ...#... * ≈ ##..
.....###§§#..##* ≈≈ #...
...§§§§§.§§#...,,, , #...
§§§§§§##§§§§..## * ##..
**§§§§§§§##§.....### , *≈ ##.
#§§§§§§§#§§.2....#, * ##
#§§§§§§####@.#*,.. ** *##. *
#§§§§§§§§.##.... * ≈ * #.. *
#.§§§§§.....# ≈####..
##§§§§§..####≈ ###.#...
###..§###### ≈ ###.......
##...### ≈ ####.........
##...###########............
##...##)..##.........#.......
#..###)...........#.###......


You could see a reaper.

Vanquished Creatures
  Nessos (D:12)
  The ghost of Frank the Basher, a journeyman GrGl (D:13)
  The ghost of markt42 the Basher, a journeyman HOFi of Okawaru (D:10)
  A hydra (Lair:1)
  2 centaur warriors
  A tengu warrior (D:14)
  Sonja (D:13)
  A wizard (D:14)
  An unseen horror (D:15)
  6 hill giants
  A wolf spider zombie (D:14)
  A wolf spider (D:12)
  An ugly thing (D:13)
  A deep elf mage (D:14)
  2 cyclopes
  Joseph (D:7)
  2 ice statues (IceCv)
  A black mamba (Lair:2)
  A siren (Lair:3)
  Maurice (D:13)
  5 spiny frogs
  The ghost of Sagrath01 the Cutter, a novice NaTm (D:5)
  2 gargoyles
  2 centaur skeletons (D:12)
  2 kobold demonologists
  A komodo dragon (D:14)
  2 trolls
  7 ice devils (IceCv)
  3 meliai (D:14)
  3 hornets
  2 two-headed ogres
  4 blink frogs (Lair:1)
  Grinder (D:4)
  7 hippogriffs
  3 wyverns
  2 shadows (D:12)
  A wraith (D:11)
  A human (D:10)
  3 yaks (Lair:1)
  Eustachio (D:5)
  5 basilisks
  A hungry ghost (D:10)
  4 hogs (D:10)
  Menkaure (D:4)
  5 vampire mosquitoes
  A hell hound (D:11)
  3 wargs (D:10)
  3 water moccasins
  5 porcupines
  3 black bears
  A meliai simulacrum (D:14)
  The ghost of Paps the Cudgeler, an amateur TrMo (D:3)
  An ice beast (D:8)
  A sky beast (D:10)
  An eye of draining (D:10)
  2 necrophages
  8 ogres
  5 orc warriors
  3 phantoms
  5 wolves (Lair:1)
  12 centaurs
  7 crocodiles
  5 big kobolds
  17 bullfrogs
  A wyvern skeleton (D:6)
  A wyvern zombie (D:11)
  A water moccasin skeleton (D:9)
  3 scorpions
  18 killer bees
  3 wights (D:13)
  6 howler monkeys
  3 crimson imps
  3 bullfrog zombies
  5 jellies
  A quasit (D:10)
  9 hounds
  7 orc priests
  9 orc wizards
  6 bullfrog skeletons
  4 iguanas
  14 worker ants
  A hound skeleton (D:8)
  A worker ant zombie (D:7)
  Robin (D:2)
  13 adders
  4 gnolls (D:7)
  A howler monkey skeleton (D:9)
  9 shadow imps
  8 white imps (IceCv)
  6 ufetubi (IceCv)
  An ooze (D:1)
  An adder skeleton (D:8)
  4 worms
  9 leopard geckos
  69 orcs
  7 bats
  2 giant cockroaches
  7 hobgoblins
  14 jackals
  23 kobolds
  7 quokkas
  6 frilled lizards
  9 goblins
  A jackal skeleton (D:9)
  A leopard gecko skeleton (D:3)
  5 rats
  3 fungi
  A plant (Lair:1)
489 creatures vanquished.

Vanquished Creatures (others)
  A hippogriff (D:11)
  A quasit (D:11)
  5 white imps (IceCv)
  An ufetubus (IceCv)
  An orc (D:12)
  2 fungi (Lair:1)
  A plant (Lair:1)
12 creatures vanquished.

Grand Total: 501 creatures vanquished

Notes
Turn   | Place    | Note
-------+----------+-------------------------------------------
     0 | D:1      | Idleism the Deep Dwarf Fighter began the quest for the Orb.
     0 | D:1      | Reached XP level 1. HP: 20/20 MP: 1/1
   144 | D:1      | Reached XP level 2. HP: 24/27 MP: 2/2
   169 | D:1      | Reached skill level 3 in Axes
   416 | D:2      | Noticed Robin
   428 | D:1      | Reached XP level 3. HP: 29/33 MP: 3/3
   610 | D:2      | Killed Robin
   610 | D:2      | Reached skill level 4 in Axes
  1272 | D:3      | Reached skill level 5 in Axes
  1272 | D:3      | Reached XP level 4. HP: 34/40 MP: 4/4
  1465 | D:3      | Reached XP level 5. HP: 29/46 MP: 5/5
  1753 | D:3      | Noticed Paps's ghost (amateur TrMo)
  1763 | D:3      | Killed Paps's ghost
  1763 | D:3      | Reached skill level 6 in Axes
  2062 | D:4      | Reached skill level 7 in Axes
  2062 | D:4      | Reached XP level 6. HP: 52/55 MP: 6/6
  2295 | D:4      | Noticed Grinder
  2311 | D:4      | Paralysed by Grinder for 5 turns
  2320 | D:4      | Reached skill level 8 in Axes
  2320 | D:4      | Paralysed by Grinder for 3 turns
  2328 | D:4      | Killed Grinder
  2328 | D:4      | Reached XP level 7. HP: 32/64 MP: 7/7
  2439 | D:4      | Found Jixtydu's Distillery.
  2446 | D:4      | Noticed Menkaure
  2524 | D:4      | Killed Menkaure
  2615 | D:4      | Bought a potion of mutation for 35 gold pieces
  2649 | D:4      | Reached skill level 11 in Axes
  2649 | D:4      | Reached XP level 8. HP: 70/81 MP: 8/8
  3108 | D:5      | Entered Level 5 of the Dungeon
  3411 | D:5      | Found a staircase to the Ecumenical Temple.
  3425 | Temple   | Entered the Ecumenical Temple
  3468 | Temple   | Became a worshipper of Makhleb the Destroyer
  3488 | D:5      | Noticed Sagrath01's ghost (novice NaTm)
  3592 | D:5      | Noticed Eustachio
  3614 | D:5      | Killed Eustachio
  3687 | D:5      | Gained mutation: You passively map the area around you. [Deep Dwarf growth]
  3687 | D:5      | Reached XP level 9. HP: 56/90 MP: 9/9
  4070 | D:6      | Reached skill level 5 in Shields
  4559 | D:6      | Found a white marble altar of Elyvilon.
  4798 | D:7      | Reached * piety under Makhleb
  4904 | D:7      | Found Zuugeis's Jewellery Emporium.
  4942 | D:7      | Noticed Joseph
  4963 | D:7      | Killed Joseph
  5102 | D:7      | Paralysed by a hornet for 1 turns
  5111 | D:7      | Paralysed by a hornet for 1 turns
  5158 | D:7      | Found Axo Cuse's Food Shop.
  5589 | D:8      | Reached XP level 10. HP: 79/98 MP: 10/10
  5679 | D:8      | Reached ** piety under Makhleb
  6037 | D:9      | Reached skill level 12 in Axes
  6110 | D:9      | Found a staircase to the Lair.
  6117 | D:9      | Got a twisted dagger
  6128 | D:9      | Noticed a hill giant
  6148 | D:9      | Killed a hill giant
  6299 | D:9      | Reached *** piety under Makhleb
  6717 | D:9      | Found Hoyn's Jewellery Shop.
  6827 | D:9      | Noticed a centaur warrior
  6841 | D:9      | Killed a centaur warrior
  6841 | D:9      | Reached skill level 13 in Axes
  6850 | D:10     | Entered Level 10 of the Dungeon
  6853 | D:10     | Found a staircase to the Orcish Mines.
  6908 | D:10     | Reached XP level 11. HP: 86/104 MP: 11/11
  6921 | D:10     | You fall through a shaft!
  7112 | D:11     | Noticed a hill giant
  7131 | D:11     | Noticed a sixfirhy
  7132 | D:11     | Reached skill level 14 in Axes
  7389 | D:11     | Killed a hill giant
  7533 | D:11     | Reached **** piety under Makhleb
  7942 | D:10     | Paralysed by a hornet for 2 turns
  7991 | D:10     | Noticed markt42's ghost (journeyman HOFi)
  8035 | D:10     | Killed markt42's ghost
  8035 | D:10     | Reached skill level 15 in Axes
  8100 | D:10     | Got a pair of scorched boots
  8111 | D:10     | Identified the +2 pair of boots of Apperr {rElec Str-5 Dex+4 Stlth+} (You found it on level 10 of the Dungeon)
  8440 | Lair:1   | Entered Level 1 of the Lair of Beasts
  8525 | Lair:1   | Reached skill level 1 in Invocations
  8564 | Lair:1   | Reached ***** piety under Makhleb
  8737 | Lair:1   | Reached skill level 16 in Axes
  8847 | Lair:1   | Noticed a five-headed hydra
  8873 | Lair:1   | Killed a five-headed hydra
  8873 | Lair:1   | Reached XP level 12. HP: 56/112 MP: 13/15
  8901 | Lair:1   | Identified the +5 dagger "Kophie" {pain, *Rage rElec rC- Str+8} (You found it on level 9 of the Dungeon)
  8996 | Lair:1   | Reached skill level 5 in Invocations
  9120 | Lair:1   | Identified a scroll of acquirement
  9575 | Lair:2   | Reached skill level 1 in Evocations
 10284 | Lair:3   | Got a twisted halberd
 10289 | Lair:3   | Identified the +3 halberd "Rigashr Luclo" {elec, rF- MR- Int+10 SInv} (You found it on level 3 of the Lair of Beasts)
 10580 | Lair:3   | Found a staircase to the Shoals.
 10635 | Lair:3   | Noticed an eight-headed hydra
 11067 | D:5      | Killed Sagrath01's ghost
 11988 | D:11     | Got a pitted ivory ring
 12050 | D:11     | Identified the ring "Muvuefe" {rN+ MR+} (You found it on level 11 of the Dungeon)
 12063 | D:12     | Reached skill level 5 in Evocations
 12077 | D:12     | Reached skill level 17 in Axes
 12455 | D:12     | Got a pair of spiked gloves
 12466 | D:12     | Identified the +3 pair of gloves of the Wilderness {rF- Regen+ Str-4 Dex+8} (You found it on level 12 of the Dungeon)
 12562 | D:12     | Noticed Nessos
 12567 | D:12     | Killed Nessos
 12730 | D:13     | Noticed Maurice
 12740 | D:13     | Killed Maurice
 12772 | D:13     | Noticed a centaur warrior
 12783 | D:13     | Killed a centaur warrior
 12783 | D:13     | Reached XP level 13. HP: 82/118 MP: 17/17
 12795 | D:13     | Reached skill level 18 in Axes
 12985 | D:13     | Noticed Frank's ghost (journeyman GrGl)
 13031 | D:13     | HP: 3/118 [Frank's ghost (6)]
 13087 | D:13     | Killed Frank's ghost
 13157 | D:13     | Found a shimmering altar of Xom.
 13161 | D:13     | Found a blossoming altar of Fedhas.
 13161 | D:13     | Found a shimmering altar of Xom.
 13163 | D:13     | Found a hazy altar of Hepliaklqana.
 13163 | D:13     | Found a sparkling altar of Nemelex Xobeh.
 13163 | D:13     | Found a stormy altar of Qazlal.
 13195 | D:13     | Noticed Sonja
 13218 | D:13     | Killed Sonja
 13609 | D:14     | HP: 4/118 [komodo dragon (25)]
 13719 | D:14     | Reached ****** piety under Makhleb
 13887 | D:15     | Entered Level 15 of the Dungeon
 14025 | D:15     | Found a staircase to the Depths.
 14026 | D:15     | Noticed a fire giant
 14045 | D:15     | Found a frozen archway.
 14071 | IceCv    | Entered an ice cave
 14146 | IceCv    | Reached skill level 19 in Axes
 14288 | IceCv    | Noticed a reaper
 14302 | IceCv    | HP: 5/118 [reaper/scythe of freezing (12)]
 14303 | IceCv    | HP: 1/118 [reaper/scythe of freezing (28)]
 14303 | IceCv    | Slain by a reaper

Skill      XL: |  1  2  3  4  5  6  7  8  9 10 11 12 13 |
---------------+----------------------------------------+-----
Axes           | 3 5 7 8 11 13 16 17 19 | 19.1
Fighting       | 4 8 |  8.4
Armour         | 8 9 |  9.9
Shields        | 4 8 |  8.0
Invocations    | 4 5 |  5.1
Evocations     | 5 6 |  6.1

Action                   |  1- 3 |  4- 6 |  7- 9 | 10-12 | 13-15 || total
-------------------------+-------+-------+-------+-------+-------++-------
Melee: War axe           |   129 |   122 |   288 |   729 |       ||  1268
       Mace              |       |       |       |    20 |       ||    20
       Executioner's axe |       |       |       |   234 |   260 ||   494
Throw: Tomahawk          |       |       |     4 |       |       ||     4
Invok: Minor Destruction |       |       |       |     1 |       ||     1
       Lesser Servant of |       |       |       |       |     3 ||     3
 Abil: Evoke Flight      |       |       |       |     1 |       ||     1
       Device Recharging |       |       |       |       |     8 ||     8
Evoke: Wand              |       |     4 |     3 |     4 |    29 ||    40
  Use: Scroll            |     1 |     4 |     6 |     5 |     1 ||    17
       Potion            |       |     1 |     2 |    12 |     3 ||    18
  Eat: Chunk             |     1 |     4 |     8 |    15 |     4 ||    32
       Beef jerky        |       |       |     1 |       |       ||     1
       Pizza             |       |       |     1 |       |       ||     1
       Meat ration       |       |       |       |     2 |       ||     2
Armor: Scale mail        |    80 |    61 |   132 |   376 |   185 ||   834
       Skin              |       |       |       |     1 |       ||     1
Dodge: Dodged            |    36 |    35 |    64 |   232 |   136 ||   503
Block: Shield            |    72 |    64 |    13 |       |       ||   149
       Large shield      |       |       |   223 |   621 |       ||   844
       Other             |       |       |       |       |    53 ||    53
       Reflection        |       |       |       |       |     1 ||     1
